General information
- name: BNet
- type: Ladder team game (AT/RT)
- host: Battle.net
- saver: OrcishRogue
map: TwilightRuins
- players: 8
- length: 29:24
- speed: Fast
- version: 1.28 W3XP
- replay type: Public
» download(271 KB)
Players
team 1 (loser)

»
wolfblade14 (
blue | 52 APM | 1074 actions | 20:38)
4 Tauren Chieftain
2 War Stomp
2 Endurance Aura
3 Shadow Hunter
1 Hex
2 Healing Wave
1 Pandaren Brewmaster
1 Breath of Fire
» actions
| Assign group hotkey | 18 | |
| Basic commands | 80 | |
| Build / train | 64 | |
| ESC pressed | 2 | |
| Enter build submenu | 35 | |
| Enter hero's abilities submenu | 8 | |
| Right click | 295 | |
| Select / deselect | 308 | |
| Select group hotkey | 177 | |
| Use ability | 87 | |
1074 total
» units
| Peon | 13 | |
| Grunt | 4 | |
| Goblin Shredder | 1 | |
| Shaman | 3 | |
| Tauren | 5 | |
| Troll Witch Doctor | 2 | |
28 total
» upgrades
| Shaman Training | 2 | |
| Armor | 1 | |
| Reinforced Defenses | 1 | |
| Pulverize | 1 | |
| Melee Weapons | 1 | |
| Spiked Barricades | 1 | |
| Witch Doctor Training | 2 | |
9 total
» buildings
| Orc Burrow | 8 | |
| Altar of Storms | 1 | |
| Barracks | 1 | |
| Voodoo Lounge | 2 | |
| Stronghold | 1 | |
| Great Hall | 2 | |
| War Mill | 1 | |
| Spirit Lodge | 2 | |
| Watch Tower | 12 | |
| Fortress | 1 | |
| Tauren Totem | 2 | |
| Beastiary | 1 | |
34 total
» build order
01:22 Orc Burrow
01:36 Altar of Storms
01:52 Barracks
02:14 Orc Burrow
02:54 Voodoo Lounge
04:35 Orc Burrow
05:32 Stronghold
06:00 Great Hall
06:33 War Mill
06:40 Voodoo Lounge
08:04 Spirit Lodge
08:52 Watch Tower
09:01 Fortress
09:28 Spirit Lodge
09:36 Orc Burrow
09:39 Watch Tower
10:46 Orc Burrow
11:24 Tauren Totem
11:26 Tauren Totem
12:03 Orc Burrow
12:07 Watch Tower
12:09 Watch Tower
13:05 Orc Burrow
13:10 Orc Burrow
13:37 Beastiary
17:13 Watch Tower
17:29 Watch Tower
17:43 Great Hall
17:47 Watch Tower
17:49 Watch Tower
17:50 Watch Tower
18:09 Watch Tower
18:17 Watch Tower
19:30 Watch Tower
» items
| Healing Salve | 5 | |
| Circlet of Nobility | 1 | |
| Scroll of Town Portal | 2 | |
| Potion of Healing | 1 | |
| Orb of Lightning | 1 | |
| Lesser Clarity Potion | 3 | |
13 total

»
StormBlessed (
purple | 52 APM | 1014 actions | 19:30)
5 Death Knight
3 Death Coil
2 Unholy Aura
2 Dreadlord
1 Vampiric Aura
1 Sleep
» actions
| Assign group hotkey | 85 | |
| Basic commands | 67 | |
| Build / train | 56 | |
| Enter build submenu | 23 | |
| Enter hero's abilities submenu | 8 | |
| Give item / drop item | 1 | |
| Right click | 241 | |
| Select / deselect | 150 | |
| Select group hotkey | 337 | |
| Use ability | 46 | |
1014 total
» units
| Acolyte | 7 | |
| Ghoul | 3 | |
| Crypt Fiend | 7 | |
| Abomination | 8 | |
25 total
» upgrades
| Web | 1 | |
| Disease Cloud | 1 | |
| Unholy Armor | 3 | |
| Unholy Strength | 2 | |
| Cannibalize | 1 | |
8 total
» buildings
| Crypt | 1 | |
| Altar of Darkness | 1 | |
| Ziggurat | 9 | |
| Graveyard | 1 | |
| Nerubian Tower | 1 | |
| Tomb of Relics | 2 | |
| Halls of the Dead | 1 | |
| Black Citadel | 1 | |
| Spirit Tower | 5 | |
| Slaughterhouse | 2 | |
| Necropolis | 1 | |
25 total
» build order
00:11 Crypt
00:16 Altar of Darkness
00:41 Ziggurat
01:08 Graveyard
01:35 Nerubian Tower
01:55 Ziggurat
02:25 Tomb of Relics
03:13 Halls of the Dead
05:50 Black Citadel
06:33 Spirit Tower
06:36 Ziggurat
07:32 Slaughterhouse
08:08 Necropolis
08:27 Ziggurat
08:30 Ziggurat
08:33 Ziggurat
08:38 Ziggurat
08:54 Spirit Tower
09:27 Slaughterhouse
09:47 Ziggurat
09:50 Ziggurat
09:54 Tomb of Relics
10:14 Spirit Tower
10:16 Spirit Tower
10:29 Spirit Tower
» items
| Ring of Regeneration | 1 | |
| Periapt of Vitality | 1 | |
| Ring of Protection +2 | 1 | |
| Scroll of Town Portal | 1 | |
| Potion of Healing | 1 | |
| Orb of Corruption | 1 | |
6 total

»
Zoidburg (
red | 32 APM | 842 actions | 25:55)
4 Death Knight
2 Death Coil
2 Unholy Aura
2 Lich
1 Frost Nova
1 Frost Armor
» actions
| Assign group hotkey | 13 | |
| Basic commands | 26 | |
| Build / train | 65 | |
| Enter build submenu | 26 | |
| Enter hero's abilities submenu | 6 | |
| Give item / drop item | 5 | |
| Right click | 262 | |
| Select / deselect | 251 | |
| Select group hotkey | 112 | |
| Use ability | 75 | |
842 total
» units
| Acolyte | 11 | |
| Ghoul | 6 | |
| Crypt Fiend | 7 | |
| Obsidian Statue | 3 | |
| Frost Wyrm | 1 | |
| Peon | 3 | |
31 total
» upgrades
| Burrow | 1 | |
| Web | 1 | |
| Creature Attack | 3 | |
| Creature Carapace | 3 | |
| Freezing Breath | 1 | |
9 total
» buildings
| Ziggurat | 11 | |
| Crypt | 2 | |
| Altar of Darkness | 1 | |
| Tomb of Relics | 1 | |
| Graveyard | 2 | |
| Necropolis | 1 | |
| Halls of the Dead | 1 | |
| Black Citadel | 1 | |
| Sacrificial Pit | 1 | |
| Slaughterhouse | 1 | |
| Nerubian Tower | 3 | |
| Boneyard | 2 | |
| Spirit Tower | 2 | |
29 total
» build order
00:14 Ziggurat
00:20 Crypt
00:46 Altar of Darkness
01:17 Tomb of Relics
01:22 Ziggurat
02:11 Crypt
02:38 Ziggurat
03:11 Graveyard
03:22 Graveyard
05:00 Necropolis
05:04 Halls of the Dead
06:26 Ziggurat
07:16 Ziggurat
07:33 Black Citadel
08:36 Sacrificial Pit
08:42 Slaughterhouse
08:47 Nerubian Tower
11:10 Nerubian Tower
11:18 Boneyard
11:23 Boneyard
12:54 Ziggurat
13:00 Spirit Tower
13:05 Ziggurat
13:56 Spirit Tower
13:59 Ziggurat
14:26 Ziggurat
14:31 Ziggurat
14:37 Nerubian Tower
17:49 Ziggurat
» items
| Rod of Necromancy | 3 | |
| Scroll of Town Portal | 3 | |
| Orb of Corruption | 1 | |
| Scroll of Healing | 1 | |
| Potion of Healing | 1 | |
| Dust of Appearance | 1 | |
10 total
HumanArchmage (
green | 111 APM | 3249 actions | 29:19)
5 Archmage
3 Summon Water Elemental
2 Brilliance Aura
4 Mountain King
2 Storm Bolt
2 Bash
1 Dreadlord
1 Carrion Swarm
» actions
| Assign group hotkey | 90 | |
| Basic commands | 192 | |
| Build / train | 190 | |
| ESC pressed | 11 | |
| Enter build submenu | 56 | |
| Enter hero's abilities submenu | 10 | |
| Give item / drop item | 11 | |
| Remove unit from queue | 1 | |
| Right click | 820 | |
| Select / deselect | 562 | |
| Select group hotkey | 1080 | |
| Use ability | 226 | |
3249 total
» units
| Peasant | 19 | |
| Footman | 6 | |
| Rifleman | 5 | |
| Goblin Zeppelin | 5 | |
| Gryphon Rider | 7 | |
| Goblin Shredder | 3 | |
| Dragonhawk Rider | 3 | |
| Goblin Sapper | 5 | |
| Priest | 1 | |
54 total
» upgrades
| Gunpowder | 4 | |
| Masonry | 3 | |
| Armor | 4 | |
| Long Rifles | 1 | |
| Lumber Harvesting | 2 | |
| Swords | 3 | |
| Animal War Training | 1 | |
| Cloud | 1 | |
| Storm Hammers | 1 | |
| Priest Training | 2 | |
| Sorceress Training | 3 | |
| Plating | 3 | |
| Fragmentation Shards | 1 | |
| Barrage | 1 | |
| Flare | 1 | |
| Flak Cannons | 1 | |
32 total
» buildings
| Altar of Kings | 1 | |
| Barracks | 1 | |
| Farm | 10 | |
| Arcane Vault | 1 | |
| Blacksmith | 1 | |
| Town Hall | 2 | |
| Scout Tower | 30 | |
| Arcane Tower | 6 | |
| Keep | 3 | |
| Lumber Mill | 1 | |
| Guard Tower | 36 | |
| Castle | 3 | |
| Arcane Sanctum | 2 | |
| Gryphon Aviary | 3 | |
| Workshop | 2 | |
102 total
» build order
00:52 Altar of Kings
00:54 Barracks
00:57 Farm
01:05 Farm
01:09 Farm
01:49 Arcane Vault
02:17 Blacksmith
02:30 Farm
03:43 Town Hall
03:45 Scout Tower
04:23 Arcane Tower
05:13 Keep
05:14 Keep
05:14 Keep
05:15 Scout Tower
05:19 Scout Tower
05:50 Lumber Mill
05:55 Arcane Tower
06:18 Guard Tower
06:18 Guard Tower
06:29 Scout Tower
06:56 Guard Tower
06:56 Guard Tower
06:56 Guard Tower
06:58 Scout Tower
07:03 Scout Tower
07:03 Scout Tower
07:03 Scout Tower
07:27 Guard Tower
07:41 Farm
08:39 Guard Tower
08:39 Guard Tower
08:39 Guard Tower
08:39 Guard Tower
08:39 Guard Tower
08:40 Guard Tower
08:40 Guard Tower
08:40 Guard Tower
09:58 Castle
09:59 Castle
09:59 Castle
10:52 Arcane Sanctum
11:32 Gryphon Aviary
11:35 Gryphon Aviary
11:50 Farm
12:59 Gryphon Aviary
13:24 Farm
13:26 Farm
14:58 Farm
14:59 Farm
18:23 Scout Tower
18:24 Scout Tower
18:26 Scout Tower
18:30 Scout Tower
18:32 Scout Tower
18:34 Scout Tower
18:38 Scout Tower
19:13 Guard Tower
19:13 Guard Tower
19:16 Guard Tower
19:16 Guard Tower
19:17 Guard Tower
19:18 Scout Tower
19:19 Scout Tower
19:48 Guard Tower
19:48 Guard Tower
19:48 Scout Tower
19:53 Arcane Sanctum
19:55 Workshop
19:56 Workshop
20:59 Guard Tower
20:59 Guard Tower
24:19 Town Hall
24:20 Scout Tower
24:22 Scout Tower
24:22 Scout Tower
24:23 Scout Tower
24:57 Guard Tower
24:57 Guard Tower
24:57 Guard Tower
24:59 Scout Tower
24:59 Scout Tower
25:00 Scout Tower
25:02 Scout Tower
25:31 Guard Tower
25:32 Guard Tower
25:32 Guard Tower
25:33 Guard Tower
25:33 Guard Tower
25:35 Scout Tower
25:37 Scout Tower
25:39 Scout Tower
25:41 Scout Tower
26:24 Arcane Tower
26:24 Arcane Tower
26:26 Arcane Tower
26:26 Arcane Tower
26:46 Guard Tower
26:46 Guard Tower
26:46 Guard Tower
26:46 Guard Tower
» items
| Scroll of Regeneration | 4 | |
| Mechanical Critter | 6 | |
| Pendant of Energy | 2 | |
| Potion of Invulnerability | 1 | |
| Scroll of Town Portal | 2 | |
| Ring of Regeneration | 1 | |
| Boots of Speed | 1 | |
| Potion of Lesser Invulnerability | 1 | |
| Periapt of Vitality | 1 | |
| Staff of Teleportation | 2 | |
| Orb of Corruption | 1 | |
22 total
team 2 (winner)
1C3_ (
yellow | 47 APM | 510 actions | 10:54)
2 Priestess of the Moon
1 Trueshot Aura
1 Scout
» actions
| Assign group hotkey | 9 | |
| Basic commands | 75 | |
| Build / train | 32 | |
| Enter build submenu | 16 | |
| Enter hero's abilities submenu | 2 | |
| Give item / drop item | 1 | |
| Right click | 243 | |
| Select / deselect | 99 | |
| Select group hotkey | 13 | |
| Use ability | 20 | |
510 total
» units
| Wisp | 14 | |
| Huntress | 4 | |
| Giant Sea Turtle | 1 | |
| Druid of the Talon | 3 | |
| Dryad | 1 | |
23 total
» upgrades
| Strength of the Moon | 1 | |
| Abolish Magic | 1 | |
| Druid of the Talon Training | 1 | |
3 total
» buildings
| Altar of Elders | 1 | |
| Moon Well | 5 | |
| Ancient of War | 2 | |
| Hunter's Hall | 1 | |
| Ancient Protector | 4 | |
| Tree of Ages | 1 | |
| Ancient of Lore | 1 | |
| Ancient of Wind | 1 | |
| Ancient of Wonders | 1 | |
17 total
» build order
00:11 Altar of Elders
00:21 Moon Well
02:00 Ancient of War
02:04 Ancient of War
02:11 Hunter's Hall
02:19 Moon Well
03:19 Ancient Protector
03:25 Ancient Protector
04:30 Moon Well
04:49 Tree of Ages
06:48 Moon Well
07:26 Ancient of Lore
07:30 Ancient of Wind
08:06 Ancient of Wonders
08:09 Ancient Protector
08:13 Ancient Protector
08:35 Moon Well
» items
| Scroll of Protection | 1 | |
| Scroll of Healing | 1 | |
2 total
savagechris (
teal | 63 APM | 1723 actions | 27:29)
5 Blademaster
3 Wind Walk
2 Critical Strike
5 Shadow Hunter
2 Hex
3 Healing Wave
4 Priestess of the Moon
2 Trueshot Aura
1 Searing Arrows
1 Starfall
» actions
| Assign group hotkey | 19 | |
| Build / train | 103 | |
| Enter build submenu | 34 | |
| Enter hero's abilities submenu | 15 | |
| Give item / drop item | 1 | |
| Right click | 954 | |
| Select / deselect | 342 | |
| Select group hotkey | 184 | |
| Use ability | 71 | |
1723 total
» units
| Peon | 6 | |
| Grunt | 4 | |
| Goblin Shredder | 1 | |
| Tauren | 5 | |
| Shaman | 7 | |
| Dryad | 2 | |
| Druid of the Talon | 2 | |
| Gryphon Rider | 21 | |
| Hippogryph | 5 | |
| Chimaera | 9 | |
| Dragonhawk Rider | 1 | |
63 total
» upgrades
| Shaman Training | 2 | |
| Armor | 2 | |
| Strength of the Wild | 2 | |
| Pulverize | 1 | |
| Storm Hammers | 1 | |
| Swords | 1 | |
| Corrosive Breath | 1 | |
10 total
» buildings
| Altar of Storms | 1 | |
| Orc Burrow | 7 | |
| Barracks | 1 | |
| Voodoo Lounge | 1 | |
| Stronghold | 1 | |
| War Mill | 2 | |
| Spirit Lodge | 1 | |
| Fortress | 1 | |
| Tauren Totem | 2 | |
| Tree of Eternity | 1 | |
| Farm | 5 | |
| Gryphon Aviary | 3 | |
| Guard Tower | 1 | |
| Chimaera Roost | 2 | |
| Moon Well | 4 | |
| Great Hall | 1 | |
| Tree of Life | 1 | |
35 total
» build order
00:25 Altar of Storms
00:34 Orc Burrow
00:57 Barracks
01:53 Orc Burrow
02:09 Voodoo Lounge
04:14 Stronghold
04:21 Orc Burrow
04:55 War Mill
05:03 War Mill
05:09 Orc Burrow
06:45 Spirit Lodge
07:14 Fortress
08:41 Orc Burrow
10:22 Tauren Totem
10:33 Tauren Totem
11:07 Tree of Eternity
11:25 Farm
11:28 Gryphon Aviary
11:32 Gryphon Aviary
11:55 Orc Burrow
11:56 Orc Burrow
12:55 Gryphon Aviary
13:41 Guard Tower
14:00 Chimaera Roost
14:04 Chimaera Roost
14:52 Farm
15:06 Farm
16:30 Farm
17:22 Moon Well
17:24 Moon Well
17:33 Farm
21:02 Moon Well
23:08 Moon Well
25:22 Great Hall
25:59 Tree of Life
» items
| Healing Salve | 4 | |
| Scroll of Speed | 2 | |
| Boots of Speed | 1 | |
| Potion of Healing | 1 | |
| Orb of Lightning | 1 | |
| Potion of Mana | 1 | |
10 total
OrcishRogue (
orange | 57 APM | 1666 actions | 29:24)
8 Blademaster
3 Wind Walk
3 Critical Strike
1 Bladestorm
1 Mirror Image
1 Archmage
1 Brilliance Aura
» actions
| Assign group hotkey | 26 | |
| Basic commands | 51 | |
| Build / train | 82 | |
| Enter build submenu | 43 | |
| Enter hero's abilities submenu | 9 | |
| Give item / drop item | 5 | |
| Right click | 807 | |
| Select / deselect | 323 | |
| Select group hotkey | 190 | |
| Use ability | 129 | |
1666 total
» units
| Peon | 16 | |
| Grunt | 4 | |
| Goblin Shredder | 1 | |
| Goblin Zeppelin | 2 | |
| Goblin Sapper | 2 | |
| Troll Batrider | 6 | |
31 total
» upgrades
| Reinforced Defenses | 1 | |
| Armor | 3 | |
| Lumber Harvesting | 1 | |
| Masonry | 1 | |
| Liquid Fire | 1 | |
| Ranged Weapons | 3 | |
| Troll Regeneration | 1 | |
| Envenomed Spears | 1 | |
12 total
» buildings
| Orc Burrow | 5 | |
| Altar of Storms | 1 | |
| Barracks | 1 | |
| Voodoo Lounge | 1 | |
| Stronghold | 1 | |
| Great Hall | 4 | |
| Fortress | 1 | |
| War Mill | 2 | |
| Watch Tower | 22 | |
| Beastiary | 3 | |
| Scout Tower | 6 | |
| Guard Tower | 2 | |
49 total
» build order
00:14 Orc Burrow
01:10 Orc Burrow
01:22 Altar of Storms
01:25 Barracks
01:53 Voodoo Lounge
03:02 Stronghold
03:56 Orc Burrow
05:28 Great Hall
06:24 Fortress
06:51 War Mill
08:19 Watch Tower
08:20 Watch Tower
08:20 Watch Tower
08:20 Watch Tower
10:21 Watch Tower
10:21 Watch Tower
10:21 Watch Tower
10:23 Watch Tower
10:35 Beastiary
10:36 Beastiary
10:37 Beastiary
11:08 War Mill
12:51 Scout Tower
12:51 Scout Tower
12:51 Scout Tower
12:51 Scout Tower
12:52 Scout Tower
12:52 Scout Tower
13:26 Watch Tower
13:26 Watch Tower
13:27 Watch Tower
13:28 Watch Tower
13:30 Watch Tower
13:45 Guard Tower
15:05 Guard Tower
16:59 Great Hall
18:15 Watch Tower
18:16 Watch Tower
18:18 Watch Tower
21:02 Great Hall
22:29 Great Hall
25:36 Orc Burrow
25:39 Orc Burrow
26:14 Watch Tower
26:15 Watch Tower
26:16 Watch Tower
26:16 Watch Tower
26:17 Watch Tower
26:17 Watch Tower
» items
| Healing Salve | 6 | |
| Claws of Attack +9 | 1 | |
| Orb of Lightning | 1 | |
| Lesser Clarity Potion | 4 | |
| Potion of Mana | 3 | |
| Potion of Healing | 4 | |
| Scroll of Town Portal | 4 | |
| Periapt of Vitality | 2 | |
25 total
spacecowboyxxx (
pink | 164 APM | 1827 actions | 11:06)
3 Archmage
2 Summon Water Elemental
1 Brilliance Aura
1 Mountain King
1 Storm Bolt
» actions
| Assign group hotkey | 37 | |
| Basic commands | 111 | |
| Build / train | 50 | |
| Enter build submenu | 16 | |
| Enter hero's abilities submenu | 4 | |
| Give item / drop item | 3 | |
| Remove unit from queue | 1 | |
| Right click | 595 | |
| Select / deselect | 561 | |
| Select group hotkey | 382 | |
| Use ability | 66 | |
1827 total
» units
» upgrades
| Defend | 1 | |
| Masonry | 1 | |
| Lumber Harvesting | 1 | |
3 total
» buildings
| Altar of Kings | 1 | |
| Farm | 4 | |
| Barracks | 1 | |
| Lumber Mill | 1 | |
| Keep | 2 | |
| Arcane Vault | 1 | |
| Scout Tower | 4 | |
| Blacksmith | 1 | |
| Guard Tower | 3 | |
| Town Hall | 1 | |
| Castle | 2 | |
21 total
» build order
00:09 Altar of Kings
00:11 Farm
00:21 Barracks
00:42 Farm
01:24 Farm
03:47 Lumber Mill
03:57 Keep
03:57 Keep
04:17 Arcane Vault
04:51 Farm
04:55 Scout Tower
04:56 Scout Tower
05:00 Blacksmith
05:45 Guard Tower
07:36 Town Hall
08:58 Scout Tower
08:59 Scout Tower
09:09 Castle
09:09 Castle
09:47 Guard Tower
09:47 Guard Tower
» items
| Lesser Clarity Potion | 5 | |
| Scroll of Regeneration | 2 | |
7 total
Chat log
(00:35 / Allies) 1C3_: hello
(00:38 / Allies) savagechris: sup
(00:57 / Allies) 1C3_: nm
(01:04 / Allies) savagechris: rush or cc?
(01:13 / Allies) 1C3_: gonna do hunts potm drys dots
(01:22 / Allies) 1C3_: up to you
(01:25 / Allies) savagechris: whos got air?
(01:26 / Allies) 1C3_: i dont mind either
(01:43 / Allies) OrcishRogue: going wyvs/bats
(06:52 / Allies) savagechris: lumber pls
(10:14 / All) savagechris: you are a persistent little bitch red
(10:17 / All) savagechris: props
(10:44 / All) HumanArchmage: D
(10:50 / Allies) savagechris: his in the team idiot
(10:54 / Allies) savagechris: i guess
(11:10 / Allies) OrcishRogue: wow lol
(11:11 / All) HumanArchmage: wow
(11:13 / Allies) savagechris: lol wtf
(11:13 / All) HumanArchmage: retard
(11:16 / All) HumanArchmage: 1 player down doesnt mean you lose
(12:00 / All) HumanArchmage: so hard to get good games these days because of niggers like yellow and pink
(14:19 / Allies) savagechris: get ready
(14:25 / Allies) savagechris: meet
(17:12 / Allies) savagechris: ready?
(18:39 / All) OrcishRogue: blue mhs
(19:02 / All) HumanArchmage: BLUE MUST DIE!
(19:05 / All) HumanArchmage: HACKERS MUST LOSE!
(19:11 / All) HumanArchmage: OUT WITH BLUE, DOWN WITH MHERS ON MY BNET!
(19:16 / All) wolfblade14: i dont hack
(19:22 / All) HumanArchmage: you said that before
(19:24 / All) HumanArchmage: tked you then
(19:25 / All) HumanArchmage: I tk you now
(19:31 / All) HumanArchmage: until you uninstall mh and WC3
(19:44 / All) OrcishRogue: wow not one crit
(20:29 / All) wolfblade14: ur those fuckers that are on ooppsite teams...
(20:33 / All) wolfblade14: get a life
(20:36 / All) wolfblade14: fucking idiots
(20:37 / All) HumanArchmage: Hacker down
(20:43 / All) HumanArchmage: your turn red
(20:45 / All) HumanArchmage: out
(20:48 / All) HumanArchmage: HACKERS MUST LOSE!
(20:50 / All) HumanArchmage: HACKERS MUST DIE!
(20:55 / All) HumanArchmage: THE TEAM OF HACKERS' WINS ARE FORFEIT!
(21:08 / All) OrcishRogue: red is literally camping that lol
(21:11 / All) OrcishRogue: what a queer
(21:53 / All) HumanArchmage: HACKER DOWN
(22:20 / Allies) savagechris: control pink or yellow please
(22:31 / All) Zoidburg: i guess purple was tking and dropping items etc
(22:34 / All) HumanArchmage: OUT
(22:34 / All) HumanArchmage: OUT
(22:35 / All) HumanArchmage: YOU LOSE
(22:36 / All) HumanArchmage: OUT
(22:53 / All) Zoidburg: or green
(23:09 / All) HumanArchmage: yes I am
(23:10 / All) HumanArchmage: you lose
(23:10 / All) HumanArchmage: out
(23:18 / All) HumanArchmage: Red is very observant
(23:22 / All) HumanArchmage: Tell him I am tking and he loses 100 times
(23:28 / All) HumanArchmage: and takes forever to say anything as if it's some amazing observation
(24:09 / All) HumanArchmage: red, out of my bnet
(24:10 / All) HumanArchmage: plz
(24:25 / All) Zoidburg: green tking confirmed
(24:30 / All) HumanArchmage: yes no shit sherlock
(24:38 / All) HumanArchmage: Red is low IQ
(24:40 / All) Zoidburg: he has a really gay name makes sense
(24:45 / All) OrcishRogue: red just leave
(24:46 / All) OrcishRogue: pussy
(24:48 / All) HumanArchmage: how's it feel to have mental retardation and play RTS
(24:49 / All) OrcishRogue: we won fair and square
(24:50 / All) HumanArchmage: is it challenging?
(24:52 / All) HumanArchmage: yeah out pussy
(25:03 / All) Zoidburg: but if I leave green is still here
(25:08 / All) HumanArchmage: out noob
(25:59 / All) HumanArchmage: finally
(26:10 / All) HumanArchmage: time for you to lose teal
(26:18 / All) HumanArchmage: think you're savage son? you never met us before
(26:19 / All) savagechris: why i did nothing wrong
(26:39 / All) HumanArchmage: it's not about right or wrong, you must lose, them's the rules
(27:05 / All) OrcishRogue: I'll take yellow
(27:27 / Allies) savagechris: lol fuck u orange
(27:31 / All) HumanArchmage: lol
(27:34 / All) OrcishRogue: ll
(27:39 / All) OrcishRogue: he askedm e earlier to take pink or yellow
(27:41 / All) HumanArchmage: everyone gave up fast this game
(27:44 / All) OrcishRogue: yeah
(27:46 / All) OrcishRogue: I think blue is hacker
(27:53 / All) HumanArchmage: we played him before on market square
(27:59 / All) HumanArchmage: vaguely remember you calling him a hacker then but not 100% sure
(28:08 / All) OrcishRogue: have to check the replay
(28:11 / All) OrcishRogue: the old one
(28:15 / All) OrcishRogue: I say he lose
(28:24 / All) HumanArchmage: k
(28:25 / All) OrcishRogue: pink 3-4 lol
(28:35 / All) OrcishRogue: quit as soon as drop even tho teal said he would take
(28:35 / All) HumanArchmage: checking other replay first
(28:37 / All) HumanArchmage: one sec